 Dungeon Crawl Stone Soup version 0.27-a0-1612-gde56a17b89 (webtiles) character file.

Game seed: 7315259581300678209

318 Sweetruy1997 the Chiller (level 6, -5/50 HPs)
             Began as a Naga Ice Elementalist on July 21, 2021.
             Slain by a phantom (9 damage)
             ... on level 4 of the Dungeon.
             The game lasted 00:10:46 (4036 turns).

Sweetruy1997 the Chiller (Naga Ice Elementalist)    Turns: 4036, Time: 00:10:47

Health: -5/50      AC:  3    Str: 10    XL:     6   Next: 45%
Magic:  18/21      EV:  9    Int: 17    God:
Gold:   1114       SH:  0    Dex: 12    Spells: 2/13 levels left

rFire    . . .     SeeInvis +   k - +3 short sword (freeze)
rCold    . . .     Faith    .   (no shield)
rNeg     . . .     Spirit   .   f - +0 leather armour
rPois    +         Reflect  .   (no helmet)
rElec    .         Harm     .   (no cloak)
rCorr    .         Rampage  .   (no gloves)
Will     .....                  (no barding)
Stlth    ++........             (no amulet)
HPRegen  0.16/turn              j - ring of magical power
MPRegen  0.17/turn              n - ring of flight

@: flying, very slow
A: AC +2, large, see invisible, deformed body, poison resistance, slowness 2,
spit poison 1, naga tail 1
a: Spit Poison


You were on level 4 of the Dungeon.
You visited 1 branch of the dungeon, and saw 4 of its levels.

You collected 1114 gold pieces.

Inventory:

Hand Weapons
 k - a +3 short sword of freezing (weapon)
Armour
 f - a +0 leather armour (worn)
Jewellery
 j - a ring of magical power (left hand)
 n - a ring of flight (right hand)
Wands
 l - a wand of mindburst (14)
Scrolls
 a - 2 scrolls of fear
 d - 2 scrolls of magic mapping {unknown}
 g - 2 scrolls of blinking
 h - a scroll of amnesia
 m - a scroll of torment {unknown}
Potions
 b - a potion of heal wounds
 c - a potion of cancellation {unknown}
 e - a potion of degeneration {unknown}
 i - a potion of attraction {unknown}


   Skills:
 + Level 0.4 Fighting
 + Level 0.2 Short Blades
 - Level 1.0 Armour
 + Level 1.6 Dodging
 + Level 3.9 Stealth
 + Level 4.0 Spellcasting
 + Level 5.7 Ice Magic


You had 2 spell levels left.
You knew the following spells:

 Your Spells              Type           Power      Damage    Failure   Level
a - Freeze                Ice            92%        1d10      1%          1
b - Frozen Ramparts       Ice            46%        1d6       6%          3
c - Ozocubu's Armour      Ice            23%        N/A       6%          3
d - Hailstorm             Conj/Ice       13%        3d5       54%         4

Your spell library contained the following spells:

 Spells                   Type           Power      Damage    Failure   Level
 Metabolic Englaciation   Hex/Ice        6%         N/A       88%         5
 Simulacrum               Ice/Necr       6%         N/A       100%        6


Dungeon Overview and Level Annotations

Branches:
Dungeon (4/15)
 Temple: D:4-7

Altars:
Ashenzari
Elyvilon
Fedhas
Gozag
Kikubaaqudgha
Ru
The Shining One

Annotations:
D:4 Pikel


Innate Abilities, Weirdness & Mutations

Your serpentine skin is tough. (AC +2)
You have supernaturally acute eyesight. (SInv)
Armour fits poorly on your strangely shaped body.
Your system is resistant to poisons. (rPois)
You cover ground very slowly.
You can spit poison.
You have a snake-like lower body.


Message History

You hit the phantom but do no damage.
The phantom is lightly damaged.
The phantom hits you.
You hit the phantom.
The phantom is moderately damaged.
The phantom barely misses you. The phantom hits you.
You barely miss the phantom.
The phantom is moderately damaged.
The phantom hits you.
You hit the phantom but do no damage.
The phantom is moderately damaged.
The phantom hits you.
The phantom blinks!
You blink.
Press: ? - help, Shift-Dir - straight line, f/p - phantom
Aim: a phantom (moderately damaged)
The splash of poison hits the phantom.
The phantom completely resists.
The phantom is moderately damaged.
The phantom hits you.
The phantom blinks!
You blink.
You hit the phantom.
The phantom is heavily damaged.
The phantom hits you.
* * * LOW HITPOINT WARNING * * *
The phantom blinks!
You blink.
You miss the phantom.
The phantom is heavily damaged.
The phantom barely misses you.
You barely miss the phantom.
The phantom is heavily damaged.
The phantom hits you.
* * * LOW HITPOINT WARNING * * *
The phantom blinks!
You blink.
You have got your breath back.
You closely miss the phantom.
The phantom is heavily damaged.
The phantom hits you.
* * * LOW HITPOINT WARNING * * *
The phantom barely misses you.
You hit the phantom.
The phantom is heavily damaged.
The phantom hits you!
You die...

#§..........#
###########...##....<#
.....................#
...###.........#.....#
.........####...###..#
....#.....##.....##.##
.......####.8...8.#.#
....#..##...........#
..............⌠W@..##
...#...........)...#
#####.#...#.8...8.##
....#.#...##.....##
._..#.#..####...##
...##.#.###.....###
.........##.......#
.........########.#####
...#.....# #.....#


You could see a phantom.

Vanquished Creatures
  An ogre (D:2)
  A bullfrog (D:4)
  A scorpion (D:3)
  An iguana (D:4)
  A hound skeleton (D:4)
  An adder (D:3)
  2 worms
  A dart slug (D:1)
  An orc (D:3)
  6 endoplasms
  9 hobgoblins
  7 jackals (D:2)
  3 quokkas
  9 ball pythons
  5 bats
  2 frilled lizards
  2 goblins
  7 kobolds
  3 rats
63 creatures vanquished.

Notes
Turn   | Place    | Note
-------+----------+-------------------------------------------
     0 | D:1      | Sweetruy1997 the Naga Ice Elementalist began the quest for
                  | the Orb.
     0 | D:1      | Reached XP level 1. HP: 15/15 MP: 3/3
   226 | D:1      | Reached XP level 2. HP: 14/22 MP: 1/5
   751 | D:1      | Identified a scroll of acquirement
   754 | D:1      | Acquired 1016 gold pieces
   940 | D:1      | Reached XP level 3. HP: 28/28 MP: 4/6
   944 | D:1      | Learned a level 3 spell: Frozen Ramparts
   972 | D:1      | Upgraded the game from 0.27-a0-1595-g0b823d0a13 to
                  | 0.27-a0-1612-gde56a17b89
  1472 | D:2      | Noticed an ogre
  1480 | D:2      | Killed an ogre
  1481 | D:2      | Reached skill level 1 in Armour
  1481 | D:2      | Reached skill level 5 in Ice Magic
  1481 | D:2      | Reached XP level 4. HP: 5/37 MP: 0/8
  1481 | D:2      | Reached XP level 5. HP: 6/43 MP: 0/9
  1487 | D:2      | Learned a level 3 spell: Ozocubu's Armour
  2556 | D:2      | Found a faded altar of an unknown god.
  3143 | D:3      | Found a broken altar of Ashenzari.
  3146 | D:3      | Found a glowing golden altar of the Shining One.
  3148 | D:3      | Found a sacrificial altar of Ru.
  3628 | D:4      | Reached XP level 6. HP: 48/50 MP: 10/11
  3754 | D:4      | Found a white marble altar of Elyvilon.
  3769 | D:4      | Found an opulent altar of Gozag.
  3907 | D:4      | Learned a level 4 spell: Hailstorm
  3979 | D:4      | Found an ancient bone altar of Kikubaaqudgha.
  3980 | D:4      | Found a blossoming altar of Fedhas.
  4017 | D:4      | Noticed Pikel
  4036 | D:4      | Slain by a phantom

Illustrated notes

Levels and vault maps discovered:
D:1:      dpeg_arrival_radiant, layout_loops_ring, minivault_5
D:2:      layout_basic, shapermc_ecumenical_altar_petra
D:3:      layout_basic, grunt_temple_overflow_diamond, st_stairs_2
D:4:      layout_rooms, grunt_temple_overflow_growth_and_decay,
          mainiacjoe_overflow_alcove_1, grunt_gozag_statues,
          minmay_temple_entry_waves, wad_floor_pattern_untrapped, uniq_pikel

Skill      XL: |  1  2  3  4  5  6 |
---------------+-------------------+-----
Armour         | 1 |  1.0
Ice Magic      | 5 |  5.7
Spellcasting   | 3 4 |  4.0
Fighting       | |  0.4
Short Blades   | |  0.2
Dodging        | |  1.6
Stealth        | |  3.9

Action                   |  1- 3 |  4- 6 || total
-------------------------+-------+-------++-------
Melee: Dagger            |    10 |       ||    10
       Short sword       |       |    21 ||    21
 Cast: Freeze            |    30 |    38 ||    68
       Frozen Ramparts   |     2 |     5 ||     7
       Ozocubu's Armour  |       |     4 ||     4
 Abil: Spit Poison       |    15 |    22 ||    37
  Use: Scroll            |     5 |     1 ||     6
 Stab: Sleeping          |     1 |       ||     1
Armor: Robe              |     6 |       ||     6
       Leather armour    |     3 |     8 ||    11
Dodge: Dodged            |    21 |    18 ||    39

Table legend: (Time is in decaauts)
 A = Elapsed time spent in this place.
 B = Non-inter-level travel time spent in this place.
 C = Inter-level travel time spent in this place.
 D = Time resting spent in this place.
 E = Time spent auto-exploring this place.
 F = Levels seen in this place.
 G = Mean time per level.
                   A        B        C        D        E       F      G
               +--------+--------+--------+--------+--------+-----+--------+
         Total |   5033 |   4921 |    112 |    740 |   3716 |   4 | 1258.2 |
       Dungeon |   5033 |   4921 |    112 |    740 |   3716 |   4 | 1258.2 |
               +--------+--------+--------+--------+--------+-----+--------+

Top non-repeatable levels by time:
     D:2: 1927 daAuts
     D:1: 1483 daAuts
     D:3: 1161 daAuts
     D:4: 460 daAuts
